 Dungeon Crawl Stone Soup version 0.29.0-10-g45618ea6d2 (webtiles) character file.

Game seed: 9359925260708487894

1607 greasedhog the Spear-Bearer (level 9, 0/68 HPs)
             Began as a Formicid Cinder Acolyte on Sept 1, 2022.
             Was a Believer of Ignis.
             Killed from afar by an electric eel (11 damage)
             ... with a bolt of electricity
             ... on level 6 of the Dungeon.
             The game lasted 00:10:42 (8459 turns).

greasedhog the Spear-Bearer (FoCA)                  Turns: 8459, Time: 00:10:43

Health: 0/68       AC: 12    Str: 23    XL:     9   Next: 16%
Magic:  10/10      EV: 10    Int: 14    God:    Ignis [**....]
Gold:   410        SH:  0    Dex:  9    Spells: 10/10 levels left

rFire   + + +      SeeInvis +   a - +0 halberd (flame)
rCold   x . .      Faith    .   (no shield)
rNeg    . . .      Spirit   .   E - +0 fire dragon scales
rPois   +          Reflect  .   (helmet unavailable)
rElec   .          Harm     .   o - +0 cloak
rCorr   .          Rampage  .   (no gloves)
Will    .....                   G - +0 pair of boots
Stlth   ..........              (no amulet)
HPRegen 0.21/turn               f - ring of protection from fire
MPRegen 0.12/turn               C - ring of poison resistance

@: mighty
A: permanent stasis, dig shafts and tunnels, antennae 3, four strong arms
a: Dig, Shaft Self, Renounce Religion, Fiery Armour, Foxfire Swarm, Rising Flame


You were on level 6 of the Dungeon.
You worshipped Ignis.
Ignis was pleased with you.
You visited 1 branch of the dungeon, and saw 6 of its levels.
You also visited: Sewer.

You collected 482 gold pieces.
You spent 72 gold pieces at shops.

Inventory:

Hand Weapons
 a - a +0 halberd of flaming (weapon)
 b - a +1 antimagic trident
Missiles
 n - 5 atropa-tipped darts
Armour
 o - a +0 cloak (worn)
 E - +0 fire dragon scales (worn)
 G - a +0 pair of boots (worn)
Jewellery
 f - a ring of protection from fire (left hand)
 C - a ring of poison resistance (right hand)
Wands
 r - a wand of charming (3)
 I - a wand of light (6)
Scrolls
 c - 3 scrolls of identify
 d - 3 scrolls of enchant weapon
 e - 2 scrolls of vulnerability
 g - a scroll of brand weapon
 k - a scroll of amnesia
 s - 2 scrolls of poison {unknown}
 v - 4 scrolls of teleportation {unknown}
 y - a scroll of torment {unknown}
 B - 2 scrolls of magic mapping {unknown}
 D - a scroll of enchant armour {unknown}
 F - a scroll of immolation {unknown}
 H - 3 scrolls of fear {unknown}
Potions
 h - 2 potions of invisibility {unknown}
 i - 2 potions of might
 j - 3 potions of resistance
 l - a potion of mutation {unknown}
 m - 3 potions of curing {unknown}
 p - a potion of degeneration {unknown}
 q - a potion of haste {unknown}
 t - a potion of magic {unknown}
 u - 2 potions of cancellation {unknown}
 w - a potion of berserk rage {unknown}
 x - a potion of attraction {unknown}
 z - a potion of flight {unknown}
 A - a potion of ambrosia {unknown}


   Skills:
 - Level 5.1 Fighting
 * Level 8.4 Polearms
 - Level 5.4 Armour
 * Level 3.7 Dodging
 - Level 1.1 Spellcasting
 - Level 3.0 Fire Magic


You had 10 spell levels left.
You didn't know any spells.
Your spell library contained the following spells:

 Spells                   Type           Power      Damage    Failure   Level
 Scorch                   Fire           18%        2d6       32%         2
 Magic Dart               Conj           0%         1d3       58%         1
 Searing Ray              Conj           0%         2d4       73%         2
 Static Discharge         Conj/Air       0%         3-3/arc   73%         2
 Sticky Flame             Conj/Fire      4%         2d3       98%         4
 Dispel Undead            Necr           0%         3d6       100%        4
 Fulminant Prism          Conj/Hex       0%         3d6       100%        4


Dungeon Overview and Level Annotations

Branches:
Dungeon (6/15)             Temple (0/1) D:5           Sewer (visited)

Altars:
Hepliaklqana
Kikubaaqudgha

Shops:
D:6 ***


Innate Abilities, Weirdness & Mutations

You cannot be hasted, slowed, berserked, paralysed or teleported.
You can dig through walls and to a lower floor.
You have a pair of large antennae on your head. (SInv)
Your four strong arms can wield two-handed weapons with a shield.


Message History

The bolt of electricity hits you!
The electric eel shoots out a bolt of lightning at you!
The bolt of electricity misses you.
Reach: a) +0 halberd (flame)
Press: ? - help, Dir - move target, f - electric eel, p - electric eel
Aim: an electric eel (about 68% to evade your +0 halberd of flaming)
You reach to attack!
You barely miss the electric eel.
Unknown command.
You feel very mighty all of a sudden.
A nearby plant withers and dies.
The electric eel shoots out a bolt of lightning at you!
The bolt of electricity hits you.
The electric eel shoots out a bolt of lightning at you!
The bolt of electricity misses you.
Reach: a) +0 halberd (flame)
Press: ? - help, Dir - move target, f/p - electric eel
Aim: an electric eel (about 68% to evade your +0 halberd of flaming)
You reach to attack!
You miss the electric eel.
The electric eel shoots out a bolt of lightning at you!
The bolt of electricity hits you!
The electric eel shoots out a bolt of lightning at you!
The bolt of electricity hits you!
Reach: a) +0 halberd (flame)
Press: ? - help, Dir - move target, f/p - electric eel
Aim: an electric eel (about 68% to evade your +0 halberd of flaming)
You reach to attack!
You barely miss the electric eel.
Unknown command.
The electric eel shoots out a bolt of lightning at you!
The bolt of electricity hits you!
* * * LOW HITPOINT WARNING * * *
Reach: a) +0 halberd (flame)
Press: ? - help, Dir - move target, f/p - electric eel
Aim: an electric eel (about 68% to evade your +0 halberd of flaming)
You reach to attack!
You barely miss the electric eel.
The electric eel shoots out a bolt of lightning at you!
The bolt of electricity hits you!
* * * LOW HITPOINT WARNING * * *
The electric eel shoots out a bolt of lightning at you!
The bolt of electricity hits you!
You die...

# ###.....# #................
#.######.###.###.......###.###..
#........# #.....#####.# #.# ###
########.###.#### #.# #.#
#.....#### #†# #.# ###......#
#.# #(# # ######.# #.# #.# # #.#
#.# #.# #
##############@######.# #
#.....#.....#..........
###.#...~~.~~.SS..#####.#
....#...~~~.~~.~~.# #.#
..####..~~≈~≈~~~~.. ..#
..####♣{{~≈~≈~~.~♣##
..).##..~.~.~♣~~P.
.##.....~~.~~~~...
.#####..........#


You could see 2 electric eels.

Vanquished Creatures
  A steam dragon (D:6)
  Duvessa (D:6)
  An orc warrior (D:5)
  A black bear (D:6)
  A centaur (D:6)
  A phantom (D:5)
  A kobold brigand (D:5)
  2 scorpions
  Dowan (D:6)
  An electric eel (D:6)
  A howler monkey (D:4)
  3 hounds (D:6)
  An orc priest (D:5)
  3 jellies
  2 orc wizards (D:5)
  15 gnolls
  8 river rats
  7 adders
  A shadow imp (D:6)
  An ufetubus (D:5)
  2 worms
  5 dart slugs
  14 orcs
  10 endoplasms
  7 giant cockroaches
  13 hobgoblins
  2 quokkas
  10 ball pythons
  A bat (D:1)
  9 frilled lizards
  5 goblins
  49 kobolds
  11 rats
191 creatures vanquished.

Vanquished Creatures (others)
  44 foxfires
  16 fungi (D:6)
  53 plants (D:6)
113 creatures vanquished.

Grand Total: 304 creatures vanquished

Notes
Turn   | Place    | Note
-------+----------+-------------------------------------------
     0 | D:1      | greasedhog the Formicid Cinder Acolyte began the quest for
                  | the Orb.
     0 | D:1      | Reached XP level 1. HP: 18/18 MP: 2/2
    69 | D:1      | Reached XP level 2. HP: 10/24 MP: 3/3
   279 | D:1      | Found a faded altar of an unknown god.
   509 | D:1      | Reached XP level 3. HP: 26/30 MP: 4/4
  1221 | D:2      | Reached XP level 4. HP: 37/37 MP: 5/5
  1224 | D:2      | Reached skill level 4 in Polearms
  2133 | D:3      | Reached XP level 5. HP: 43/43 MP: 2/6
  2200 | D:3      | Found a glowing drain.
  2204 | Sewer    | Entered a sewer
  2221 | Sewer    | Reached skill level 5 in Fighting
  2819 | Sewer    | Reached skill level 1 in Armour
  2823 | Sewer    | Reached XP level 6. HP: 34/51 MP: 2/7
  3633 | D:4      | Reached skill level 5 in Polearms
  4249 | D:5      | Entered Level 5 of the Dungeon
  4316 | D:5      | Found a staircase to the Ecumenical Temple.
  4763 | D:5      | Reached XP level 7. HP: 40/56 MP: 2/8
  5249 | D:5      | Reached skill level 6 in Polearms
  5720 | D:5      | Reached XP level 8. HP: 28/62 MP: 3/9
  5734 | D:5      | Reached skill level 5 in Armour
  6796 | D:6      | Reached skill level 7 in Polearms
  6821 | D:6      | Reached skill level 1 in Dodging
  6931 | D:6      | Found a hazy altar of Hepliaklqana.
  6991 | D:6      | Noticed Dowan
  6991 | D:6      | Noticed Duvessa
  7000 | D:6      | Killed Duvessa
  7014 | D:6      | Killed Dowan
  7335 | D:6      | Found Joiwauph's Elemental Accessories.
  7359 | D:6      | Found Nugaac's General Store.
  7363 | D:6      | Found Iciunil's Specific Store.
  7371 | D:6      | Bought a scroll of identify for 24 gold pieces
  7371 | D:6      | Bought a potion of might for 48 gold pieces
  7460 | D:6      | Reached skill level 8 in Polearms
  7460 | D:6      | Reached XP level 9. HP: 43/68 MP: 10/10
  7590 | D:6      | Found an ancient bone altar of Kikubaaqudgha.
  8459 | D:6      | Killed from afar by an electric eel

Illustrated notes

Levels and vault maps discovered:
D:1:      dpeg_arrival_simpleton_c, layout_rooms, serial_aquarium,
          aquarium_bridge_straight [aquarium_subvault_bridge,
          aquarium_subvault_wall, aquarium_subvault_bridge,
          aquarium_subvault_wall], aquarium_bridge_square
          [aquarium_subvault_balcony, aquarium_subvault_bridge,
          aquarium_subvault_balcony, aquarium_subvault_wall], aquarium_window_1,
          aquarium_window_corner, aquarium_window_corridor_3, aquarium_view_2e,
          aquarium_view_2d, aquarium_balcony_3b,
          nicolae_ecumenical_snake_handling
D:2:      layout_loops_ring, minmay_tiny_reverse_x
D:3:      layout_rooms, serial_corexii_hall, corexii_hall_statues_deadend,
          chequers_hall_statues_corner_a, gup_sewer_entry_spiral,
          hex_intersection
D:4:      nicolae_cairo_tiling_large_dashed, layout_loops_ring
D:5:      minmay_goblin_kobold_castle, layout_loops_corners, temple_fountains
D:6:      layout_loops_ring, grunt_temple_overflow_lords_of_destruction,
          mainiacjoe_overflow_cross_hatched, amcnicky_altar_gilded,
          serial_bayou, serial_bayou_lagoon_a, serial_bayou_pond_d,
          serial_bayou_pond_a, serial_bayou_ford_a, serial_bayou_pond_b,
          serial_bayou_pond_b, nicolae_elemental_shop, nicolae_specific_store,
          uniq_duvessa

Skill      XL: |  1  2  3  4  5  6  7  8 |
---------------+-------------------------+-----
Fighting       | 4 5 |  5.1
Polearms       | 4 5 6 8 |  8.4
Armour         | 1 2 4 5 |  5.4
Dodging        | 3 |  3.7
Spellcasting   | |  1.1
Fire Magic     | |  3.0

Action                   |  1- 3 |  4- 6 |  7- 9 || total
-------------------------+-------+-------+-------++-------
Melee: Spear             |    67 |    11 |       ||    78
       Trident           |       |   286 |   209 ||   495
       Punch             |       |     3 |       ||     3
       Halberd           |       |       |    73 ||    73
Invok: Fiery Armour      |     1 |     1 |     3 ||     5
       Foxfire Swarm     |       |       |     3 ||     3
Evoke: Wand              |       |       |     1 ||     1
  Use: Scroll            |     5 |     1 |     1 ||     7
       Potion            |       |       |     5 ||     5
Armor: Ring mail         |    21 |    82 |       ||   103
       Fire dragon scale |       |    32 |   195 ||   227
Dodge: Dodged            |    36 |   142 |   177 ||   355
